 Dungeon Crawl Stone Soup version 0.29-a0-459-g97dee8cd24 (webtiles) character file.

Game seed: 8450921424429140946

7287 siradein the Scholar of Death (level 10, -5/67 HPs)
             Began as a Demonspawn Necromancer on May 21, 2022.
             Was a Follower of Kikubaaqudgha.
             Slain by a six-headed hydra (11 damage)
             ... on level 11 of the Dungeon.
             The game lasted 00:27:32 (12283 turns).

siradein the Scholar of Death (DsNe)               Turns: 12283, Time: 00:27:33

Health: -5/67      AC: 10    Str:  8    XL:     10   Next: 89%
Magic:  2/24       EV:  9    Int: 21    God:    Kikubaaqudgha [*.....]
Gold:   529        SH:  8    Dex: 14    Spells: 18/30 levels left

rFire   . . .      SeeInvis .   E - +7 Throatcutter {drain, coup de grace}
rCold   . . .      Faith    .   J - +0 kite shield
rNeg    . . .      Spirit   .   F - +0 ring mail
rPois   +          Reflect  .   p - +0 helmet
rElec   .          Harm     .   z - +2 cloak
rCorr   .          Rampage  .   (gloves unavailable)
Will    .....                   I - +0 pair of boots {Fly}
Stlth   ++........              D - amulet of the acrobat
HPRegen 0.21/turn               w - ring of poison resistance
MPRegen 0.19/turn               (no ring)

@: mighty, animating dead, flying
A: sturdy frame 1, demonic magic 2, demonic touch 3
a: Renounce Religion, Unearth Wretches


You were on level 11 of the Dungeon.
You worshipped Kikubaaqudgha.
Kikubaaqudgha was aware of your devotion.
You visited 2 branches of the dungeon, and saw 12 of its levels.
You also visited: Sewer.

You collected 739 gold pieces.
You spent 210 gold pieces at shops.

Inventory:

Hand Weapons
 A - a +2 vorpal hunting sling
 E - the +7 Throatcutter (weapon) {drain, coup de grace}
   (You found it on level 6 of the Dungeon)

   A truly terrible weapon, it drains the life of any living foe it strikes.
   It may instantly kill foes which have little health.
Missiles
 l - a throwing net
Armour
 p - a +0 helmet (worn)
 z - a +2 cloak (worn)
 F - a +0 ring mail (worn)
 I - a +0 pair of boots of flying (worn)
 J - a +0 kite shield (worn)
Magical Staves
 q - a staff of cold
Jewellery
 w - a ring of poison resistance (left hand)
 D - an amulet of the acrobat (around neck)
Wands
 i - a wand of paralysis (4)
 r - a wand of iceblast (11)
 y - a wand of flame (22)
 H - a wand of acid (6)
Scrolls
 a - a scroll of torment
 c - a scroll of silence
 e - a scroll of poison
 g - 3 scrolls of immolation
 m - a scroll of amnesia
 n - 2 scrolls of fog
 s - 5 scrolls of teleportation
 u - 3 scrolls of vulnerability
 x - a scroll of acquirement
 B - 2 scrolls of magic mapping {unknown}
 C - a scroll of enchant weapon {unknown}
 G - a scroll of blinking {unknown}
Potions
 b - 2 potions of magic
 d - 3 potions of haste
 f - 3 potions of might
 h - 2 potions of resistance
 j - a potion of curing
 k - a potion of brilliance {unknown}
 o - 3 potions of mutation {unknown}
 t - 4 potions of flight
 v - 5 potions of heal wounds
 K - a potion of ambrosia {unknown}


   Skills:
 + Level 1.7 Fighting
 + Level 1.4 Long Blades
 + Level 1.4 Armour
 - Level 1.7 Dodging
 - Level 1.7 Stealth
 * Level 2.2 Shields
 + Level 10.7 Spellcasting
 + Level 13.2 Necromancy


You had 18 spell levels left.
You knew the following spells:

 Your Spells              Type           Power      Damage    Failure   Level
a - Necrotize             Necr           100%       1d9       1%          1
b - Vampiric Draining     Necr           61%        2d10      1%          3
c - Animate Dead          Necr           61%        N/A       1%          4
d - Anguish               Hex/Necr       19%        N/A       22%         4

Your spell library contained the following spells:

 Spells                   Type           Power      Damage    Failure   Level
 Sublimation of Blood     Necr           61%        N/A       1%          2
 Agony                    Necr           61%        N/A       4%          5
 Summon Small Mammal      Summ           44%        N/A       34%         1
 Call Canine Familiar     Summ           11%        N/A       71%         3
 Summon Guardian Golem    Hex/Summ       11%        N/A       71%         3
 Olgreb's Toxic Radiance  Pois           11%        N/A       98%         4
 Petrify                  Tmut/Erth      11%        N/A       98%         4
 Irradiate                Conj/Tmut      5%         3d15      100%        5
 Ozocubu's Refrigeration  Ice            5%         4d6       100%        7
 Borgnjor's Revivificati  Necr           30%        N/A       100%        8
 Ignition                 Fire           5%         3d4       100%        8
 Necromutation            Tmut/Necr      19%        N/A       100%        8
 Death's Door             Necr           30%        N/A       100%        9


Dungeon Overview and Level Annotations

Branches:
Dungeon (11/15)            Temple (1/1) D:6            Lair (0/6) D:11
  Sewer (visited)
    Orc: D:9-12

Altars:
Ashenzari
Dithmenos
Elyvilon
Kikubaaqudgha
Makhleb
Trog
Uskayaw
Vehumet
Wu Jian
Yredelemnul
The Shining One

Shops:
D:3 (   D:9 (   D:10 [

Annotations:
D:6 3 runed translucent doors, garrulousMonolith's ghost, novice HOFi


Innate Abilities, Weirdness & Mutations

Your movements are slightly less encumbered by armour. (ER -2)
Spells you cast may paralyse nearby enemies.
Your touch may irresistibly damage your foes and sap their willpower.


Message History

You feel life coursing into your body. Malevolent energies surge around you.
Unknown command.
Casting: Vampiric Draining (safe; 1% risk of failure)
Confirm with . or Enter, or press ? or * to list all spells.
Aiming: Vampiric Draining (safe; 1% risk of failure)
Press: ? - help, Shift-Dir - straight line, f/p - five-headed hydra
Aim: a five-headed hydra (heavily wounded, paralysed)
You draw life force from the five-headed hydra!
You feel life coursing into your body. Malevolent energies surge around you.
Unknown command.
Casting: Vampiric Draining (safe; 1% risk of failure)
Confirm with . or Enter, or press ? or * to list all spells.
Aiming: Vampiric Draining (safe; 1% risk of failure)
Press: ? - help, Shift-Dir - straight line, f/p - five-headed hydra
Aim: a five-headed hydra (severely wounded, paralysed)
You draw life force from the five-headed hydra.
You feel life coursing into your body. Malevolent energies surge around you.
The five-headed hydra is no longer paralysed.
The five-headed hydra barely misses you. x2
The five-headed hydra bites you. The five-headed hydra bites you! x2
You lop one of the five-headed hydra's heads off!
The four-headed hydra grows two more!
You slash the six-headed hydra!
The six-headed hydra is severely wounded.
The six-headed hydra bites you but does no damage.
The six-headed hydra bites you.
The six-headed hydra bites you but does no damage.
The six-headed hydra bites you!
You block the six-headed hydra's attack.
The six-headed hydra closely misses you.
Okay, then.
You feel very mighty all of a sudden.
You block the six-headed hydra's attack.
The six-headed hydra bites you!
* * * LOW HITPOINT WARNING * * *
The six-headed hydra bites you!
* * * LOW HITPOINT WARNING * * *
The six-headed hydra bites you but does no damage. x2
The six-headed hydra bites you!
You die...
Kikubaaqudgha rasps: "You have failed me!
Welcome... death!"

#..> #..# .# #..+ ..#
#..# #..# #..###+#..#
#.......).# +.........#
#.# ####.@.......# #..#
#....D.......# #..##
........###....# ##....
.........#.....####.....
.....###.#.##..#........
###.. .#.##...........
#. #.#.#...##....... #.
#.#.#.#.#.###......
#.#.#.#.#.# ###..##


You could see a six-headed hydra.

Vanquished Creatures
  Harold (D:9)
  2 two-headed ogres (D:9)
  A troll (D:9)
  Prince Ribbit (D:9)
  A vampire (D:9)
  6 yaks
  A wraith (D:9)
  3 steam dragons
  3 vampire mosquitoes
  A water moccasin (D:4)
  3 orc warriors
  A sky beast (D:8)
  2 black bears
  An ogre (D:7)
  2 phantoms
  2 kobold brigands
  A bullfrog (D:5)
  4 scorpions
  3 necrophages
  6 wights
  3 killer bees (D:8)
  3 howler monkeys
  2 jellies
  3 orc priests
  3 hounds
  Crazy Yiuf (D:7)
  2 gnoll shamans
  2 iguanas (D:7)
  An orc wizard (D:8)
  7 gnolls
  6 adders
  3 river rats (Sewer)
  2 shadow imps
  A white imp (D:5)
  An ufetubus (D:7)
  3 worms
  5 dart slugs
  22 orcs
  9 ball pythons
  12 bats
  10 endoplasms
  6 giant cockroaches
  3 goblins
  14 hobgoblins
  3 jackals (Sewer)
  4 quokkas
  3 frilled lizards
  15 kobolds
  11 rats
205 creatures vanquished.

Vanquished Creatures (collateral kills)
  A gargoyle (D:10)
  A steam dragon (D:10)
  An adder (Sewer)
  A worm (Sewer)
  An orc (D:5)
  An endoplasm (D:3)
  A bat (Sewer)
  A frilled lizard (D:1)
  3 kobolds
  A rat (D:1)
12 creatures vanquished.

Vanquished Creatures (others)
  3 yak zombies (D:10)
  2 killer bee zombies (D:8)
  10 kobold zombies
  A necrophage zombie (D:8)
  A white imp (D:6)
  2 orc zombies (D:8)
19 creatures vanquished.

Grand Total: 236 creatures vanquished

Notes
Turn   | Place    | Note
-------+----------+-------------------------------------------
     0 | D:1      | siradein the Demonspawn Necromancer began the quest for the
                  | Orb.
     0 | D:1      | Reached XP level 1. HP: 13/13 MP: 3/3
   208 | D:1      | Gained mutation: Spells you cast may paralyse adjacent
                  | enemies. [demonic ancestry]
   208 | D:1      | Reached XP level 2. HP: 16/19 MP: 3/5
   741 | D:1      | Reached skill level 5 in Necromancy
   741 | D:1      | Gained mutation: Your touch may inflict minor irresistible
                  | damage on your foes. [demonic ancestry]
   741 | D:1      | Reached XP level 3. HP: 24/24 MP: 4/7
   747 | D:1      | Learned a level 3 spell: Vampiric Draining
  1121 | D:1      | Found a faded altar of an unknown god.
  1580 | D:2      | Gained mutation: Your touch may inflict irresistible damage
                  | on your foes. [demonic ancestry]
  1580 | D:2      | Reached XP level 4. HP: 30/30 MP: 2/8
  1931 | D:3      | Found Bahioll's Weapon Shoppe.
  2053 | D:3      | Found a glowing drain.
  2058 | Sewer    | Entered a sewer
  2665 | Sewer    | Learned a level 4 spell: Animate Dead
  2848 | Sewer    | Gained mutation: Spells you cast may paralyse nearby
                  | enemies. [demonic ancestry]
  2848 | Sewer    | Reached XP level 5. HP: 27/35 MP: 4/10
  2951 | Sewer    | Reached skill level 6 in Necromancy
  3817 | D:4      | Noticed a black bear
  3820 | D:4      | Noticed a phantom
  3895 | D:3      | Killed a black bear
  3896 | D:3      | Reached XP level 6. HP: 36/41 MP: 0/12
  4697 | D:4      | Noticed a water moccasin
  4701 | D:4      | Killed a water moccasin
  4702 | D:4      | Reached skill level 5 in Spellcasting
  4702 | D:4      | Reached skill level 7 in Necromancy
  4837 | D:4      | Reached XP level 7. HP: 46/46 MP: 8/14
  4968 | D:4      | Found a shadowy altar of Dithmenos.
  4977 | D:4      | Found a hide-covered altar of Uskayaw.
  5125 | D:5      | Entered Level 5 of the Dungeon
  5640 | D:5      | Identified a scroll of acquirement
  5929 | D:5      | Reached skill level 8 in Necromancy
  6535 | D:6      | Found a staircase to the Ecumenical Temple.
  6538 | D:6      | Noticed a steam dragon
  6554 | D:6      | Killed a steam dragon
  6559 | Temple   | Entered the Ecumenical Temple
  6661 | Temple   | Became a worshipper of Kikubaaqudgha
  6747 | D:6      | Gained mutation: Your movements are slightly less
                  | encumbered by armour. (ER -2) [demonic ancestry]
  6747 | D:6      | Reached XP level 8. HP: 52/52 MP: 8/17
  6948 | D:6      | Found a runed translucent gate.
  6948 | D:6      | Found a runed translucent gate.
  6948 | D:6      | Found a runed translucent gate.
  6966 | D:6      | Found the +7 Throatcutter {drain, coup de grace}
  7099 | D:6      | Noticed garrulousMonolith's ghost (novice HOFi)
  7568 | D:7      | Found a runed translucent door.
  7569 | D:7      | Noticed Crazy Yiuf
  7658 | D:7      | Found a broken altar of Ashenzari.
  7731 | D:7      | Reached skill level 9 in Necromancy
  7970 | D:7      | Killed Crazy Yiuf
  8286 | D:8      | Reached skill level 10 in Necromancy
  8345 | D:8      | Found a bloodstained altar of Trog.
  8502 | D:8      | Reached XP level 9. HP: 49/57 MP: 20/20
  8661 | D:8      | Reached * piety under Kikubaaqudgha
  8661 | D:8      | Received a gift from Kikubaaqudgha
  8672 | D:8      | Learned a level 4 spell: Anguish
  9408 | D:8      | Reached skill level 11 in Necromancy
  9705 | D:8      | Found a burning altar of Makhleb.
  9761 | D:9      | Found Yphyi's Antique Weapon Boutique.
  9824 | D:9      | Noticed a troll
  9834 | D:9      | Killed a troll
  9857 | D:9      | Noticed Prince Ribbit
  9876 | D:9      | Killed Prince Ribbit
  9955 | D:9      | Noticed Harold
  9964 | D:9      | Killed Harold
  9965 | D:9      | Reached skill level 12 in Necromancy
  9965 | D:9      | Gained mutation: Your touch may irresistibly damage your
                  | foes and sap their willpower. [demonic ancestry]
  9965 | D:9      | Reached XP level 10. HP: 63/63 MP: 19/23
 10477 | D:10     | Entered Level 10 of the Dungeon
 10477 | D:10     | Noticed a two-headed ogre
 10497 | D:10     | Noticed a gargoyle
 10510 | D:10     | Noticed a two-headed ogre
 10684 | D:9      | Reached skill level 10 in Spellcasting
 10949 | D:9      | Killed a two-headed ogre
 11128 | D:9      | Killed a two-headed ogre
 11129 | D:9      | Reached skill level 13 in Necromancy
 11472 | D:10     | Reached skill level 1 in Shields
 11477 | D:10     | Reached skill level 1 in Fighting
 11477 | D:10     | Reached skill level 1 in Long Blades
 11477 | D:10     | Reached skill level 1 in Armour
 11633 | D:10     | Killed a gargoyle
 11692 | D:10     | Found Duxesoali's Antique Armour Boutique.
 11699 | D:10     | Bought a pair of embroidered boots for 210 gold pieces
 12206 | D:11     | Noticed a four-headed hydra
 12268 | D:11     | Found a staircase to the Lair.
 12283 | D:11     | Slain by a six-headed hydra

Illustrated notes

Levels and vault maps discovered:
D:1:      dpeg_arrival_ratfight, layout_loops_ring,
          shapermc_ecumenical_altar_petra, minmay_close_crescents
D:2:      layout_rooms
D:3:      wander_river, layout_basic, portal_sewer_entry_e, serial_shops, shop
D:4:      layout_loops_ring, mainiacjoe_overflow_swirl, grunt_ministairs_4,
          saegor_snake_ambush
D:5:      layout_cave_pods
D:6:      layout_loops_ring, minmay_temple_entry_steel_oval, gammafunk_ghost_icy
D:7:      layout_cave_pools, lemuel_crystal_altar, uniq_crazy_yiuf_cottage
D:8:      layout_basic, trog_butcher_becter, mainiacjoe_overflow_alcove_4,
          kennysheep_path_1
D:9:      layout_rooms, serial_shops, nicolae_shop_hallway_stairs,
          kennysheep_minor_cross, uniq_harold, uniq_prince_ribbit1
D:10:     layout_cave_pools, mainiacjoe_overflow_chevrons, serial_shops,
          nicolae_diamond_shop, serial_column_ruins, column_ruins_grid_5,
          column_ruins_hut_pillars, column_ruins_columns_straight,
          column_ruins_grid_1, column_ruins_open_medium,
          column_ruins_corridor_straight, column_ruins_corridor_straight,
          column_ruins_grid_1, column_ruins_open_tiny
D:11:     wad_cavern_with_rooms, layout_irregular_city, lair_entry_dummy,
          serial_co_window_serial, co_window_paths_b, co_window_paths_b,
          co_window_of_opportunity_a, co_window_paths_b, co_window_corner_a,
          co_window_cross_1, co_window_paths_a, co_window_broadway_a,
          co_window_2corner, co_window_broadway_b, co_window_corner_b,
          co_window_paths_d, glass_columns_a, glass_columns_a, glass_columns_b,
          glass_columns_c, uniq_urug
Temple:   compressed_dpeg_circular_temple

Skill      XL: |  1  2  3  4  5  6  7  8  9 10 |
---------------+-------------------------------+-----
Necromancy     | 5 6 7 8 10 12 13 | 13.2
Spellcasting   | 3 4 5 6 7 9 10 | 10.7
Shields        | 2 |  2.2
Fighting       | 1 |  1.7
Long Blades    | 1 |  1.4
Armour         | 1 |  1.4
Dodging        | |  1.7
Stealth        | |  1.7

Action                   |  1- 3 |  4- 6 |  7- 9 | 10-12 || total
-------------------------+-------+-------+-------+-------++-------
Melee: Dagger            |    10 |       |       |       ||    10
       Whip              |     5 |       |       |       ||     5
       Touch             |     1 |     8 |    13 |       ||    22
       Unarmed           |       |    15 |       |       ||    15
       Short sword       |       |    22 |    17 |       ||    39
       Spear             |       |       |    11 |       ||    11
       Long sword        |       |       |   120 |    39 ||   159
       Punch             |       |       |     2 |       ||     2
 Fire: Hunting sling     |       |     4 |       |       ||     4
 Cast: Necrotize         |    64 |   106 |    50 |       ||   220
       Vampiric Draining |       |     8 |    23 |    24 ||    55
       Animate Dead      |       |       |     6 |     2 ||     8
Evoke: Wand              |       |       |       |     1 ||     1
  Use: Scroll            |       |     2 |    13 |       ||    15
       Potion            |       |       |       |     2 ||     2
 Stab: Paralysed         |     7 |     7 |    17 |     8 ||    39
       Sleeping          |       |       |     2 |     1 ||     3
Armor: Robe              |     4 |    15 |     6 |       ||    25
       Leather armour    |       |       |     4 |       ||     4
       Ring mail         |       |       |    50 |    30 ||    80
Dodge: Dodged            |    11 |    24 |   104 |    44 ||   183
Block: Kite shield       |       |       |    13 |    26 ||    39

Table legend: (Time is in decaauts)
 A = Elapsed time spent in this place.
 B = Non-inter-level travel time spent in this place.
 C = Inter-level travel time spent in this place.
 D = Time resting spent in this place.
 E = Time spent auto-exploring this place.
 F = Levels seen in this place.
 G = Mean time per level.
                   A        B        C        D        E       F      G
               +--------+--------+--------+--------+--------+-----+--------+
         Total |  12554 |  12098 |    456 |    949 |   9042 |  13 |  965.7 |
       Dungeon |  11060 |  10604 |    456 |    725 |   7952 |  11 | 1005.5 |
        Temple |    106 |    106 |      0 |      0 |     96 |   1 |  106.0 |
         Sewer |   1387 |   1387 |      0 |    224 |    994 |   1 | 1387.0 |
               +--------+--------+--------+--------+--------+-----+--------+

Top non-repeatable levels by time:
     D:8: 1772 daAuts
     D:9: 1506 daAuts
   Sewer: 1387 daAuts
     D:5: 1331 daAuts
     D:1: 1182 daAuts
     D:4: 1180 daAuts
     D:3: 969 daAuts
    D:10: 964 daAuts
     D:6: 900 daAuts
     D:2: 580 daAuts
     D:7: 569 daAuts
  Temple: 106 daAuts
    D:11: 102 daAuts
